 Dungeon Crawl Stone Soup version 0.27.1-33-g824d729ab1 (webtiles) character file.

Game seed: 12382143551980272763

56321 Fortus the Blocker (level 15, -9/112 HPs)
             Began as a Formicid Fighter on Dec 11, 2021.
             Was the Champion of Cheibriados.
             Mangled by a death yak (11 damage)
             ... on level 6 of the Lair of Beasts on Dec 12, 2021.
             The game lasted 01:27:53 (28283 turns).

Fortus the Blocker (Formicid Fighter)              Turns: 28283, Time: 01:27:53

Health: -9/112     AC: 23    Str: 43    XL:     15   Next: 21%
Magic:  24/24      EV:  9    Int: 25    God:    Cheibriados [******]
Gold:   553        SH: 17    Dex: 25    Spells: 14/14 levels left

rFire    + + .     SeeInvis +   M - +1 great sword (flame)
rCold    + . .     Faith    .   c - +0 kite shield
rNeg     . . .     Spirit   .   C - +2 plate armour of Classification {Fly rC+ Str+3}
rPois    .         Reflect  .   (helmet unavailable)
rElec    .         Harm     .   F - +2 cloak
rCorr    .         Rampage  .   n - +0 pair of gloves
Will     +....                  N - +0 pair of boots
Stlth    ..........             A - amulet of the acrobat
HPRegen  0.28/turn              k - ring of protection from fire
MPRegen  0.19/turn              b - ring of protection from fire

@: flying, studying 2 skills, very slow
A: permanent stasis, dig shafts and tunnels, antennae 3, four strong arms
a: Dig, Shaft Self, Renounce Religion, Bend Time, Temporal Distortion, Slouch,
Step From Time


You were on level 6 of the Lair of Beasts.
You worshipped Cheibriados.
Cheibriados was exalted by your worship.
You visited 3 branches of the dungeon, and saw 19 of its levels.
You also visited: Volcano.

You collected 2194 gold pieces.
You spent 1641 gold pieces at shops.

Inventory:

Hand Weapons
 d - a +1 flail of protection
 p - a +2 demon whip
 z - a +1 morningstar of protection
 H - a +2 dire flail
 M - a +1 great sword of flaming (weapon)
Armour
 a - the +0 plate armour "Luokoets" {rPois rC+ Int-5 Stlth+}
   (You bought it in a shop on level 10 of the Dungeon)

   Int:       It affects your intelligence (-5).
   rC:        It protects you from cold.
   rPois:     It protects you from poison.
   Stlth:     It makes you more stealthy.
 c - a +0 kite shield (worn)
 n - a +0 pair of gloves (worn)
 o - a +0 chain mail
 C - the +2 plate armour of Classification (worn) {Fly rC+ Str+3}
   (You bought it in a shop on level 10 of the Dungeon)

   Str:       It affects your strength (+3).
   rC:        It protects you from cold.
   Fly:       It grants you flight.
 F - a +2 cloak (worn)
 N - a +0 pair of boots (worn)
Jewellery
 b - a ring of protection from fire (right hand)
 i - a ring of ice
 k - a ring of protection from fire (left hand)
 w - the ring of Udesoama {rElec Will- MP+9 SInv}
   (You found it on level 5 of the Lair of Beasts)

   [ring of magical power]

   rElec:     It insulates you from electricity.
   MP:        It affects your magic capacity (+9).
   SInv:      It lets you see invisible.
   Will:      It decreases your willpower.
 A - an amulet of the acrobat (around neck)
 Q - a ring of ice
 S - a ring of magical power
 V - a +6 ring of intelligence
Wands
 G - a wand of polymorph (12)
 I - a wand of digging (16)
 O - a wand of iceblast (26)
 R - a wand of paralysis (7)
Scrolls
 e - 6 scrolls of identify
 f - 3 scrolls of magic mapping
 j - 3 scrolls of summoning {unknown}
 m - 4 scrolls of amnesia
 q - a scroll of acquirement
 s - 6 scrolls of teleportation
 u - 2 scrolls of blinking {unknown}
 x - 2 scrolls of holy word {unknown}
 y - 2 scrolls of noise {unknown}
 D - 2 scrolls of vulnerability {unknown}
 E - 3 scrolls of enchant armour {unknown}
 K - a scroll of immolation {unknown}
 T - a scroll of fog {unknown}
 U - a scroll of fear {unknown}
Potions
 g - 3 potions of magic
 h - a potion of berserk rage {unknown}
 r - 2 potions of brilliance
 t - 2 potions of resistance
 v - 3 potions of curing
 B - a potion of mutation {unknown}
 J - 4 potions of might
 L - 2 potions of cancellation {unknown}


   Skills:
 - Level 8.9 Fighting
 * Level 10.0 Long Blades
 - Level 12.3 Maces & Flails
 + Level 11.2 Armour
 - Level 4.6 Stealth
 - Level 14.0 Shields
 * Level 12.3 Invocations


You had 14 spell levels left.
You didn't know any spells.
Your spell library contained the following spells:

 Spells                   Type           Power      Damage    Failure   Level
 Animate Skeleton         Necr           0%         N/A       47%         1
 Apportation              Tloc           0%         N/A       47%         1
 Corona                   Hex            0%         N/A       47%         1
 Summon Small Mammal      Summ           0%         N/A       47%         1
 Slow                     Hex            0%         N/A       63%         2
 Sublimation of Blood     Necr           0%         N/A       63%         2
 Call Canine Familiar     Summ           0%         N/A       85%         3
 Confusing Touch          Hex            0%         N/A       85%         3
 Dazzling Flash           Conj/Hex       0%         N/A       85%         3
 Ignite Poison            Fire/Tmut/Pois 0%         N/A       85%         3
 Mephitic Cloud           Conj/Pois/Air  0%         N/A       85%         3
 Ozocubu's Armour         Ice            0%         N/A       85%         3
 Portal Projectile        Hex/Tloc       0%         N/A       85%         3
 Summon Guardian Golem    Hex/Summ       0%         N/A       85%         3
 Vampiric Draining        Necr           0%         2d6       85%         3
 Leda's Liquefaction      Hex/Erth       0%         N/A       99%         4
 Agony                    Necr           0%         N/A       100%        5
 Bolt of Magma            Conj/Fire/Erth 0%         4d4       100%        5
 Metabolic Englaciation   Hex/Ice        0%         N/A       100%        5
 Silence                  Hex/Air        0%         N/A       100%        5
 Simulacrum               Ice/Necr       0%         N/A       100%        6
 Orb of Destruction       Conj           0%         N/A       100%        7
 Spellforged Servitor     Conj/Summ      0%         N/A       100%        7


Dungeon Overview and Level Annotations

Branches:
Dungeon (12/15)            Temple (1/1) D:6            Lair (6/6) D:11
 Shoals (0/4) Lair:3       Spider (0/4) Lair:4        Slime (0/5) Lair:5
    Orc (0/2) D:11        Volcano (visited)

Altars:
Ashenzari
Cheibriados
Dithmenos
Elyvilon
Fedhas
Gozag
Hepliaklqana
Kikubaaqudgha
Makhleb
Nemelex Xobeh
Okawaru
Qazlal
Ru
Sif Muna
Trog
Uskayaw
Vehumet
Wu Jian
Xom
Yredelemnul
Zin
The Shining One
Jiyva

Shops:
D:4 (   D:10 [(   D:12 :

Annotations:
D:4 2 runed translucent doors
D:6 1 runed translucent door
D:12 3 runed translucent doors, McKennaii's ghost, journeyman DgCj
Lair:2 1 exclusion
Lair:3 exclusion: oklob plant


Innate Abilities, Weirdness & Mutations

You cannot be hasted, slowed, berserked, paralysed or teleported.
You can dig through walls and to a lower floor.
You have a pair of large antennae on your head. (SInv)
Your four strong arms can wield two-handed weapons with a shield.


Message History

The death yak gores you! x2; You block the death yak's attack. x2
You slice the death yak!! You burn the death yak!
You kill the death yak!
Cheibriados appreciates the change of pace.
You block the death yak's attack.
The death yak gores you but does no damage.
Your Long Blades skill increases to level 10!
You hit the death yak. You burn the death yak.
The death yak is lightly wounded.
You block the death yak's attack. x2
You slice the death yak!! You burn the death yak.
The death yak is moderately wounded.
The death yak gores you but does no damage. x2
The death yak gores you!!
* * * LOW HITPOINT WARNING * * *
You slash the death yak! You burn the death yak.
The death yak is heavily wounded.
You block the death yak's attack. The death yak gores you!
* * * LOW HITPOINT WARNING * * *
You feel much better.
The death yak gores you but does no damage.
You block the death yak's attack.
Your plate armour of Classification prevents you from hitting the death yak.
The death yak is heavily wounded.
The death yak gores you but does no damage.
You block the death yak's attack. The death yak gores you!!
* * * LOW HITPOINT WARNING * * *
You hit the death yak. You burn the death yak.
The death yak is heavily wounded.
You block the death yak's attack. x2
You barely miss the death yak.
The death yak is heavily wounded.
The death yak gores you but does no damage.
The death yak gores you.
* * * LOW HITPOINT WARNING * * *
You barely miss the death yak.
The death yak is heavily wounded.
The death yak gores you but does no damage.
The death yak gores you!
You die...

#.##.###.##...# .......
# #...######..# .......
##.## #...# .......
#...# #...# ..... #P.###
##..# .... ##...# ##..#
#.. ####...####..#.
#..###..#..!..##.... #
##..@...............P
..#P.YY................
....................<...
.P#.....................
. ##.#..................
###................÷.
#...............†....
###..................
#...<...............


You could see 2 death yaks.

Vanquished Creatures
  Fannar (D:12)
  5 boulder beetles (D:12)
  8 hydras
  5 two-headed ogres
  13 death yaks
  A hell knight (Volcano)
  Nergalle (D:12)
  A salamander mystic (Volcano)
  A lindwurm (Lair:2)
  A manticore (Lair:3)
  A wolf spider (Lair:4)
  2 cyclopes
  6 elephants (Lair:6)
  3 salamanders (Volcano)
  An ice statue (Lair:5)
  9 black mambas
  The ghost of Stajl the Grappler, a novice TrFi of Trog (D:6)
  4 gargoyles
  A torpor snail (Lair:3)
  4 molten gargoyles (Volcano)
  A freezing wraith (Lair:5)
  Psyche (D:8)
  3 komodo dragons
  6 cane toads
  A polar bear (Lair:5)
  A troll (D:12)
  A wind drake (Lair:3)
  12 blink frogs
  Grinder (D:5)
  3 slime creatures (D:12)
  A shadow (D:12)
  A vampire (D:11)
  45 yaks
  2 basilisks
  4 wyverns
  2 steam dragons
  8 water moccasins
  4 orc warriors
  6 ice beasts (Lair:5)
  3 sky beasts
  2 ogres (D:6)
  A necrophage (D:6)
  13 wolves
  13 centaurs
  A phantom (D:7)
  20 bullfrogs
  A scorpion (D:5)
  2 water moccasin zombies (D:5)
  A wyvern zombie (D:6)
  8 wights
  9 killer bees
  A vampire bat (D:7)
  2 howler monkeys
  3 centaur zombies
  A bullfrog zombie (D:6)
  3 orc priests (D:9)
  5 jellies
  A gnoll shaman (D:7)
  A hound (D:4)
  A centaur skeleton (D:6)
  6 iguanas
  Terence (D:2)
  6 orc wizards
  Natasha (thrice) (D:3)
  2 killer bee zombies
  9 adders
  10 gnolls
  3 white imps (Lair:5)
  3 worms
  4 dart slugs
  22 orcs
  5 ball pythons
  5 bat zombies (D:7)
  5 endoplasms
  4 giant cockroaches
  9 goblins
  9 hobgoblins
  3 jackals (D:2)
  4 quokkas
  3 bats
  3 frilled lizards
  7 kobolds
  6 rats
396 creatures vanquished.

Vanquished Creatures (others)
  A quokka (D:4)
  11 fungi
  13 plants
25 creatures vanquished.

Grand Total: 421 creatures vanquished

Notes
Turn   | Place    | Note
-------+----------+-------------------------------------------
     0 | D:1      | Fortus the Formicid Fighter began the quest for the Orb.
     0 | D:1      | Reached XP level 1. HP: 18/18 MP: 1/1
   124 | D:1      | Found a faded altar of an unknown god.
   185 | D:1      | Reached XP level 2. HP: 24/24 MP: 2/2
   799 | D:1      | Reached skill level 4 in Shields
  1124 | D:2      | Reached XP level 3. HP: 27/27 MP: 3/3
  1531 | D:2      | Reached XP level 4. HP: 28/35 MP: 4/4
  1823 | D:3      | Noticed Terence
  2229 | D:3      | Noticed Natasha
  2240 | D:3      | Killed Natasha
  2241 | D:3      | Reached XP level 5. HP: 21/41 MP: 5/5
  2437 | D:2      | Killed Terence
  2629 | D:3      | Noticed Natasha
  2644 | D:3      | Killed Natasha
  2645 | D:3      | Reached skill level 1 in Maces & Flails
  2645 | D:3      | Reached skill level 5 in Shields
  2744 | D:3      | Noticed Natasha
  2755 | D:3      | Killed Natasha
  2756 | D:3      | Reached XP level 6. HP: 37/47 MP: 6/6
  3764 | D:4      | Found a large runed translucent door.
  3764 | D:4      | Found a large runed translucent door.
  4010 | D:4      | Found a blossoming altar of Fedhas.
  4043 | D:4      | Found a shadowy altar of Dithmenos.
  4177 | D:4      | Reached XP level 7. HP: 32/52 MP: 7/7
  4378 | D:4      | Found a large runed translucent door.
  4431 | D:4      | Reached skill level 6 in Shields
  4461 | D:4      | Found a white marble altar of Elyvilon.
  4550 | D:4      | Found Wemyceudu's Weapon Shoppe.
  4839 | D:4      | Found a large runed translucent door.
  5187 | D:4      | Got Etharch's Disquisition on Unholy Rites
  5313 | D:5      | Entered Level 5 of the Dungeon
  5362 | D:5      | Reached skill level 5 in Maces & Flails
  5362 | D:5      | Reached XP level 8. HP: 58/58 MP: 8/8
  5450 | D:5      | Reached skill level 7 in Shields
  6095 | D:5      | Noticed Grinder
  6111 | D:5      | Killed Grinder
  6523 | D:4      | Bought a +1 morningstar of protection for 129 gold pieces
  6591 | D:6      | Reached skill level 8 in Shields
  6591 | D:6      | Reached XP level 9. HP: 62/64 MP: 9/9
  6714 | D:6      | Found a staircase to the Ecumenical Temple.
  6724 | Temple   | Entered the Ecumenical Temple
  6917 | D:6      | Found a runed translucent door.
  6952 | D:6      | Noticed Stajl's ghost (novice TrFi)
  6997 | D:6      | Killed Stajl's ghost
  6998 | D:6      | Reached skill level 9 in Shields
  7293 | D:6      | Found a runed translucent door.
  7681 | D:6      | You fall into a shaft and drop 1 floor!
  7681 | D:7      | Found a broken altar of Ashenzari.
  7855 | D:6      | Reached skill level 10 in Maces & Flails
  7887 | D:6      | Reached XP level 10. HP: 62/70 MP: 10/10
  8571 | D:7      | Found an ancient bone altar of Kikubaaqudgha.
  8728 | D:7      | Found a snail-covered altar of Cheibriados.
  8754 | D:7      | Became a worshipper of Cheibriados the Contemplative
  9034 | D:7      | Reached skill level 10 in Shields
  9134 | D:7      | Reached skill level 5 in Fighting
  9134 | D:7      | Reached skill level 5 in Armour
 10038 | D:8      | Found an ornate altar of the Wu Jian Council.
 10303 | D:8      | Reached skill level 11 in Shields
 10578 | D:8      | Reached * piety under Cheibriados
 10670 | D:8      | Noticed Psyche
 10688 | D:8      | Killed Psyche
 11710 | D:9      | Reached XP level 11. HP: 81/81 MP: 11/11
 11878 | D:9      | Found a glowing golden altar of the Shining One.
 12416 | D:9      | Found an opulent altar of Gozag.
 12722 | D:9      | Found a shimmering blue altar of Sif Muna.
 12803 | D:10     | Entered Level 10 of the Dungeon
 13054 | D:10     | Reached skill level 12 in Shields
 13198 | D:10     | Reached ** piety under Cheibriados
 13385 | D:10     | Found Sash's Antique Armour Emporium.
 13589 | D:10     | Noticed a two-headed ogre
 13599 | D:10     | Killed a two-headed ogre
 13870 | D:10     | Found Sususom's Weapon Shoppe.
 14482 | D:11     | Found a staircase to the Orcish Mines.
 14601 | D:11     | Found a staircase to the Lair.
 14604 | D:11     | Noticed a cyclops
 14612 | D:11     | Killed a cyclops
 14702 | D:11     | Noticed a two-headed ogre
 14713 | D:11     | Killed a two-headed ogre
 14714 | D:11     | Reached skill level 13 in Shields
 15286 | D:12     | Noticed a boulder beetle
 15354 | D:12     | Killed a boulder beetle
 15355 | D:12     | Reached XP level 12. HP: 50/91 MP: 12/12
 15539 | D:12     | Noticed Nergalle
 15547 | D:12     | Killed Nergalle
 15691 | D:12     | Noticed a two-headed ogre
 15694 | D:12     | Noticed a two-headed ogre
 15713 | D:12     | Killed a two-headed ogre
 15725 | D:12     | Killed a two-headed ogre
 15924 | D:12     | Noticed a boulder beetle
 15967 | D:12     | Killed a boulder beetle
 16437 | D:12     | Noticed Fannar
 16461 | D:12     | Killed Fannar
 16462 | D:12     | Reached skill level 14 in Shields
 16775 | D:12     | Found Uraddaot's Book Shoppe.
 16776 | D:12     | Noticed a boulder beetle
 16810 | D:12     | Killed a boulder beetle
 16811 | D:12     | Reached skill level 1 in Stealth
 17244 | D:12     | Found a runed translucent gate.
 17245 | D:12     | Found a runed translucent gate.
 17245 | D:12     | Found a runed translucent gate.
 17269 | D:12     | Noticed McKennaii's ghost (journeyman DgCj)
 17289 | D:12     | Reached *** piety under Cheibriados
 17359 | D:12     | Noticed a boulder beetle
 17381 | D:12     | Killed a boulder beetle
 17563 | D:12     | Noticed a boulder beetle
 17596 | D:12     | Killed a boulder beetle
 17965 | D:12     | Noticed a two-headed ogre
 17972 | D:12     | Killed a two-headed ogre
 17973 | D:12     | Reached XP level 13. HP: 100/100 MP: 13/13
 18107 | Lair:1   | Entered Level 1 of the Lair of Beasts
 18293 | Lair:1   | Reached skill level 1 in Invocations
 18588 | Lair:1   | Identified 2 scrolls of acquirement
 18588 | Lair:1   | Acquired 754 gold pieces
 18732 | D:10     | Bought a bloodstained plate armour for 756 gold pieces
 18732 | D:10     | Identified the +0 plate armour "Luokoets" {rPois rC+ Int-5
                  | Stlth+} (You bought it in a shop on level 10 of the
                  | Dungeon)
 19561 | Lair:2   | Found a dark tunnel.
 19570 | Volcano  | Entered a volcano
 19907 | Volcano  | Reached skill level 5 in Invocations
 20161 | Volcano  | Reached **** piety under Cheibriados
 20420 | Volcano  | Noticed an orb of fire
 20448 | Volcano  | Noticed an orb of fire
 21039 | Lair:2   | Noticed an eight-headed hydra
 21053 | Lair:2   | Killed an eight-headed hydra
 21636 | Lair:2   | Reached skill level 5 in Long Blades
 22623 | Lair:3   | Found a staircase to the Shoals.
 22862 | Lair:3   | Identified the +5 ring mail of Uxoijat {rF- rN+++}
 23270 | Lair:3   | Reached ***** piety under Cheibriados
 23832 | Lair:3   | Found a blossoming altar of Fedhas.
 24238 | D:10     | Bought a scorched plate armour for 756 gold pieces
 24238 | D:10     | Identified the +2 plate armour of Classification {Fly rC+
                  | Str+3} (You bought it in a shop on level 10 of the Dungeon)
 24500 | Lair:4   | Reached XP level 14. HP: 106/106 MP: 20/20
 24912 | Lair:4   | Reached skill level 10 in Armour
 25325 | Lair:4   | Found a hole to the Spider Nest.
 25708 | Lair:6   | Entered Level 6 of the Lair of Beasts
 25970 | Lair:5   | Reached skill level 10 in Invocations
 26149 | Lair:5   | Found a staircase to the Slime Pits.
 26149 | Lair:5   | Found a viscous altar of Jiyva.
 26573 | Lair:5   | Identified the ring of Udesoama {rElec Will- MP+9 SInv}
 27668 | Lair:6   | Reached XP level 15. HP: 110/112 MP: 23/23
 27680 | Lair:6   | Reached ****** piety under Cheibriados
 28276 | Lair:6   | Reached skill level 10 in Long Blades
 28278 | Lair:6   | HP: 4/112 [death yak (15)]
 28282 | Lair:6   | HP: 1/112 [death yak (6)]
 28283 | Lair:6   | Mangled by a death yak

Illustrated notes

Levels and vault maps discovered:
D:1:      scummos_arrival_forest, layout_loops_cross,
          shapermc_ecumenical_altar_totnotflames
D:2:      layout_rooms
D:3:      layout_rooms, chequers_serial_rivers_small_b, uniq_natasha,
          uniq_terence
D:4:      layout_layer_cave, grunt_dithmenos_smoke,
          mainiacjoe_overflow_brackets, elyvilon_altar_4, serial_shops,
          nicolae_take_the_stairs, minmay_hollow_rounded_squares
D:5:      layout_loops_ring, uniq_grinder
D:6:      layout_basic, ebering_ghost_sewer_f, serial_co_window_serial,
          co_window_paths_a, co_window_corner_a, co_window_cross_1,
          co_window_corner_a, co_window_of_opportunity_a, co_window_paths_a,
          co_window_cross_1, co_window_cross_1, co_window_cross_1,
          co_window_2corner, co_window_broadway_c, co_window_corner_b,
          co_window_of_opportunity_b, co_window_broadway_a, co_window_paths_e,
          glass_columns_a, glass_columns_b, glass_columns_b, glass_columns_b,
          glass_columns_a
D:7:      layout_cave_pods, kennysheep_vampire_church,
          grunt_temple_overflow_open
D:8:      layout_layer_cave, amcnicky_altar_gilded, uniq_psyche
D:9:      layout_roguey, nicolae_gozag_cash_rules_everything_around_me,
          old_standard_altar, tgw_sif
D:10:     layout_basic, serial_shops, shop, shop, minivault_5
D:11:     layout_basic, lair_entry_dummy
D:12:     layout_stronghold, ebering_ghost_rock_garden, serial_shops, shop,
          nzn_sisyphean_effort, uniq_nergalle, uniq_fannar
Temple:   nicolae_temple_hex_pool
Lair:1:   layout_roguey
Lair:2:   layout_hall_layers, nicolae_volcano_entry_vermiform,
          nicolae_quartered_pool_little
Lair:3:   layout_cave_pods, minmay_shoals_entry_beasts, gauntlet_entry_generic,
          chequers_serial_rivers_micro_c, eino_small_chamber_without_monster,
          hangedman_tree_tricks, chequers_serial_rivers_room_b,
          grunt_megastairs_3
Lair:4:   layout_loops_ring, spider_nest_entry_rubble,
          chequers_serial_rivers_marsh
Lair:5:   layout_hall_layers, slime_altar_1, ice2_lemuel
Lair:6:   hangedman_lair_caniforms_friends, layout_small_grid, wormcave,
          uniq_nessos

Skill      XL: |  1  2  3  4  5  6  7  8  9 10 11 12 13 14 15 |
---------------+----------------------------------------------+-----
Shields        | 4 5 6 8 9 11 13 14 | 14.0
Long Blades    | 3 4 6 9 10 | 10.0
Maces & Flails | 1 3 5 7 10 11 12 | 12.3
Fighting       | 5 7 8 |  8.9
Armour         | 5 7 8 9 11 | 11.2
Stealth        | 4 |  4.6
Invocations    | 8 11 12 | 12.3

Action                   |  1- 3 |  4- 6 |  7- 9 | 10-12 | 13-15 || total
-------------------------+-------+-------+-------+-------+-------++-------
Melee: Long sword        |    96 |    65 |       |       |       ||   161
       Flail             |       |   124 |   155 |       |       ||   279
       Morningstar       |       |       |   115 |   684 |    84 ||   883
       Demon whip        |       |       |       |       |   457 ||   457
       Great sword       |       |       |       |       |   235 ||   235
Invok: Bend Time         |       |       |       |     2 |     2 ||     4
       Slouch            |       |       |       |       |     1 ||     1
 Abil: Dig               |       |       |       |       |    14 ||    14
  Use: Potion            |       |     1 |     2 |     5 |     4 ||    12
       Scroll            |       |       |       |     6 |     7 ||    13
Armor: Scale mail        |    27 |    18 |    35 |   113 |       ||   193
       Chain mail        |       |    85 |    94 |    90 |     7 ||   276
       Plate armour      |       |       |       |       |   230 ||   230
Dodge: Dodged            |    28 |    73 |    78 |   212 |   202 ||   593
Block: Kite shield       |    44 |   137 |   163 |   425 |   521 ||  1290
       Rpst.: Long sword |     9 |     9 |       |       |       ||    18
       Great sword       |       |       |       |       |    24 ||    24
